 Dungeon Crawl Stone Soup version 0.16-a0-791-gf1c67de (webtiles) character file.

2984 RobertPalmer the Bludgeoner (level 9, 0/76 HPs)
             Began as an Ogre Transmuter on Sept 28, 2014.
             Was an Initiate of Ashenzari.
             Succumbed to a killer bee's poison
             ... on Level 8 of the Dungeon.
             The game lasted 00:36:05 (12001 turns).

RobertPalmer the Bludgeoner (Ogre Transmuter)      Turns: 12001, Time: 00:36:05

HP   0/76        AC  4     Str 17      XL: 9   Next: 83%
MP  15/15        EV 15     Int 15      God: Ashenzari [......]
Gold 431         SH  0     Dex 13      Spells:  3 memorised,  7 levels left

rFire  . . .     SeeInvis .     b - +0 blowgun
rCold  . . .     Clarity  .     c - +1 robe
rNeg   . . .     rCorr    .     (shield restricted)
rPois  .         rRot     .     (helmet restricted)
rElec  .         Spirit   .     (no cloak)
SustAb .         Warding  .     (gloves unavailable)
rMut   .         Stasis   .     (boots unavailable)
Gourm  .                        (no amulet)
MR     .....                    l - +3 ring of dexterity
                                o - +5 ring of evasion

@: lethally poisoned, not resistant to hostile enchantments, very unstealthy
A: unfitting armour, tough skin 1
a: Renounce Religion


You were on level 8 of the Dungeon.
You worshipped Ashenzari.
Ashenzari was noncommittal.
You were not hungry.

You visited 2 branches of the dungeon, and saw 9 of its levels.

You collected 431 gold pieces.


Innate Abilities, Weirdness & Mutations

You are too large for most types of armour.
You have tough skin (AC +1).


   Skills:
 - Level 1.3 Fighting
 + Level 15.5 Maces & Flails
 - Level 1.7 Dodging
 - Level 2.6 Unarmed Combat
 - Level 2.4 Spellcasting
 - Level 3.1 Transmutations


You had 7 spell levels left.
You knew the following spells:

 Your Spells              Type           Power        Failure   Level  Hunger
a - Stoneskin             Trmt/Erth      #.......     17%         2    ##.....
z - Beastly Appendage     Trmt           ##....       8%          1    #......
Z - Sticks to Snakes      Trmt           ##........   12%         2    ##.....

Inventory:

Hand weapons
 a - a +1 demon whip of draining
 b - a +0 blowgun (weapon)
 C - a +0 giant club
Missiles
 e - 75 arrows
 i - 3 throwing nets
 v - 33 poisoned needles (quivered)
Armour
 c - a +1 robe (worn)
Magical devices
 k - a wand of disintegration (0)
 q - a wand of polymorph (0)
 s - a wand of slowing (11)
 z - a wand of fireball (0)
 E - a wand of enslavement (0)
Comestibles
 h - 14 bread rations
 j - 5 beef jerkies
 n - 3 fruits
 r - 7 meat rations
 D - 2 chunks of hobgoblin flesh {@*1}
Scrolls
 t - 4 scrolls of enchant weapon
 u - 3 scrolls of fog
 w - a scroll of enchant armour
 y - 2 scrolls of identify
Jewellery
 l - a +3 ring of dexterity (right hand)
 m - an uncursed ring of ice
 o - a +5 ring of evasion (left hand)
 B - an uncursed ring of protection from cold
Potions
 f - a potion of mutation {!q}
 g - a potion of restore abilities
Books
 d - a book of Changes
 p - a book of Geomancy

Dungeon Overview and Level Annotations

Branches:
Dungeon (8/15)             Temple (1/1) D:7            Lair (0/8) D:8

Altars:
Ashenzari
Cheibriados
Dithmenos
Elyvilon
Fedhas
Gozag
Kikubaaqudgha
Makhleb
Nemelex Xobeh
Okawaru
Qazlal
Sif Muna
Trog
Vehumet
Xom
Yredelemnul
Zin
The Shining One

Shops:
D:4 *   D:7 (

Annotations:
D:4 RobertPalmer's ghost, average OgTm

..# #.# #.# ######## #.#####
#......# #.....# #......#
#.....# #......# #.....#
#####.._...# #.....#
#######....).....# #.....#
#.......@.......## ......#
#............####
##....###........yy..#
.....................#
#########............# #
#.......#............# .#
#.......#............##.#
#......).............%..#.##
#
............................
...


You could see 2 killer bees.


Message History

You feel sick. The killer bee closely misses you.
The killer bee closely misses you. The killer bee barely misses you.
The killer bee stings you.
* * * LOW HITPOINT WARNING * * *
Unknown command.
Drink which item? (? for menu, Esc to quit)
Magic courses through your body.
It was a potion of magic.
* * * LOW HITPOINT WARNING * * *
You feel sick. The killer bee barely misses you. The killer bee misses you.
The killer bee misses you.
Evoke which item? (* to show all) (? for menu, Esc to quit)
Zapping:
E - a wand of enslavement {zapped: 6}
Aim: a killer bee (heavily wounded) Nothing appears to happen.
* * * LOW HITPOINT WARNING * * *
You feel sick. The killer bee barely misses you. The killer bee misses you.
The killer bee stings you.
* * * LOW HITPOINT WARNING * * *
Unknown command.
Evoke which item? (* to show all) (? for menu, Esc to quit)
Okay, then.
Drink which item? (? for menu, Esc to quit)
Okay, then.
Read which item? (? for menu, Esc to quit)
Okay, then.
* * * LOW HITPOINT WARNING * * *
You feel sick. The killer bee barely misses you. The killer bee stings you.
* * * LOW HITPOINT WARNING * * *
Unknown command.
You die...

Action                   |  1- 3 |  4- 6 |  7- 9 || total
-------------------------+-------+-------+-------++-------
Melee: Unarmed           |   129 |    44 |     1 ||   174
       Flail             |       |   109 |   233 ||   342
       Club              |       |    16 |       ||    16
       Giant club        |       |       |    92 ||    92
       Demon whip        |       |       |    39 ||    39
 Fire: Blowgun           |       |     8 |   157 ||   165
Throw: Throwing net      |       |       |     1 ||     1
 Cast: Beastly Appendage |    12 |    16 |    11 ||    39
       Sticks to Snakes  |     7 |    10 |    14 ||    31
       Stoneskin         |       |       |     4 ||     4
Evoke: Wand              |       |       |    23 ||    23
  Use: Scroll            |     3 |     7 |    10 ||    20
       Potion            |       |     2 |    10 ||    12
 Stab: Sleeping          |       |     1 |     2 ||     3
  Eat: Chunk             |     4 |     2 |    15 ||    21
       Bread ration      |       |     2 |     1 ||     3
       Pizza             |       |       |     1 ||     1
       Fruit             |       |       |     2 ||     2
       Beef jerky        |       |       |     1 ||     1

Vault maps used:
D:1:      saegor_arrival_under_anarchy, solitary_fountain
D:3:      nicolae_overflow_hidden_temple, lemuel_crystal_altar
D:4:      lemuel_round_altar, first_bread, serial_shops, shop
D:5:      corexii_shantytown, uniq_natasha, uniq_eustachio
D:6:      basic_altar, hangedman_glass_teeth
D:7:      temple_green, serial_shops, nicolae_shop_trees, grunt_ogre_cave
D:8:      lair_0_dummy, basic_altar
Temple:   nicolae_temple_elliptical

Notes
Turn   | Place    | Note
--------------------------------------------------------------
     0 | D:1      | RobertPalmer, the Ogre Transmuter, began the quest for the Orb.
     0 | D:1      | Reached XP level 1. HP: 19/19 MP: 3/3
   398 | D:1      | Reached skill level 2 in Transmutations
   398 | D:1      | Reached XP level 2. HP: 27/27 MP: 3/5
  1035 | D:1      | Learned a level 2 spell: Sticks to Snakes
  1113 | D:2      | Reached XP level 3. HP: 11/33 MP: 1/6
  1541 | D:2      | Reached skill level 3 in Transmutations
  1713 | D:3      | Noticed a centaur
  1745 | D:3      | Found an iron altar of Okawaru.
  1832 | D:3      | Reached XP level 4. HP: 31/41 MP: 6/8
  1838 | D:3      | Learned a level 2 spell: Stoneskin
  2044 | D:3      | Reached skill level 1 in Maces & Flails
  2057 | D:3      | Found a glowing silver altar of Zin.
  2432 | D:3      | Killed a centaur
  2432 | D:3      | Reached skill level 4 in Maces & Flails
  2432 | D:3      | Reached XP level 5. HP: 29/48 MP: 9/9
  2772 | D:4      | Noticed RobertPalmer's ghost (average OgTm)
  2773 | D:4      | Noticed a phantom
  2821 | D:4      | Found Mativakh's Assorted Antiques.
  2848 | D:4      | Found a radiant altar of Vehumet.
  3063 | D:4      | Killed a phantom
  3063 | D:4      | Reached skill level 5 in Maces & Flails
  3063 | D:4      | Reached XP level 6. HP: 17/55 MP: 2/11
  3470 | D:4      | Reached skill level 6 in Maces & Flails
  3942 | D:4      | Noticed a phantom
  3960 | D:4      | Killed a phantom
  3960 | D:4      | Reached skill level 7 in Maces & Flails
  4247 | D:5      | Entered Level 5 of the Dungeon
  4602 | D:5      | Reached XP level 7. HP: 59/62 MP: 12/12
  4706 | D:5      | Reached skill level 8 in Maces & Flails
  4728 | D:5      | Noticed Eustachio
  4758 | D:5      | Killed Eustachio
  4758 | D:5      | Reached skill level 9 in Maces & Flails
  5552 | D:5      | Noticed Natasha
  5566 | D:5      | Killed Natasha
  6191 | D:5      | Reached skill level 10 in Maces & Flails
  6191 | D:5      | Reached XP level 8. HP: 55/70 MP: 14/14
  6529 | D:5      | Reached skill level 11 in Maces & Flails
  6745 | D:5      | Noticed Natasha
  6751 | D:5      | Killed Natasha
  7317 | D:5      | Noticed Natasha
  7327 | D:5      | Killed Natasha
  7739 | D:6      | Reached skill level 12 in Maces & Flails
  8100 | D:6      | Found an iron altar of Okawaru.
  8639 | D:6      | Reached skill level 13 in Maces & Flails
  8639 | D:6      | Reached XP level 9. HP: 76/76 MP: 15/15
  9028 | D:7      | Found a staircase to the Ecumenical Temple.
  9041 | Temple   | Entered the Ecumenical Temple
  9156 | Temple   | Became a worshipper of Ashenzari the Shackled
  9460 | D:7      | Reached skill level 14 in Maces & Flails
  9679 | D:6      | HP: 7/76 [poisoned by an adder]
  9684 | D:6      | HP: 4/76 [poisoned by an adder]
  9690 | D:6      | HP: 2/76 [poisoned by an adder]
  9698 | D:6      | HP: 2/76 [poisoned by an adder]
  9706 | D:6      | HP: 2/76 [poisoned by an adder]
 10223 | D:7      | Found Smahoawk's Weapon Boutique.
 11554 | D:8      | Reached skill level 15 in Maces & Flails
 11578 | D:8      | Found a burning altar of Makhleb.
 11814 | D:8      | Found a staircase to the Lair.
 12000 | D:8      | HP: 6/76 [poisoned by a killer bee]
 12000 | D:8      | HP: 2/76 [killer bee (4)]
 12001 | D:8      | Succumbed to a killer bee's poison

Vanquished Creatures
  A wyvern (D:8)
  Eustachio (D:5)
  A black bear (D:8)
  5 ogres
  2 sky beasts (D:5)
  2 phantoms
  A centaur (D:3)
  3 giant frogs
  4 killer bees
  A scorpion (D:6)
  3 wights (D:7)
  A hippogriff skeleton (D:5)
  A yak skeleton (D:8)
  A goliath beetle (D:7)
  2 orc priests (D:6)
  A quasit (D:8)
  A gnoll shaman (D:5)
  2 crimson imps
  4 hounds
  A black bear skeleton (D:5)
  5 orc wizards
  Natasha (thrice) (D:5)
  2 iguanas
  6 worker ants
  A hound zombie (D:7)
  2 gnolls
  9 adders
  A shadow imp (D:7)
  2 worms (D:2)
  An adder zombie (D:8)
  An adder skeleton (D:4)
  8 giant geckos
  2 oozes
  33 orcs
  A ball python (D:6)
  4 giant cockroaches
  A gnoll zombie (D:5)
  21 goblins
  14 hobgoblins
  5 jackals
  17 kobolds
  4 quokkas
  16 bats
  A giant gecko skeleton (D:4)
  2 giant newts
  A kobold skeleton (D:5)
  An orc skeleton (D:8)
  8 rats
210 creatures vanquished.

Vanquished Creatures (collateral kills)
  A phantom (D:4)
  2 killer bees (D:8)
  A worker ant (D:4)
  An adder (D:6)
  A worm (D:2)
  An ooze (D:6)
  An orc (D:5)
  A hobgoblin (D:2)
9 creatures vanquished.

Vanquished Creatures (others)
  A butterfly (D:2)
1 creature vanquished.

Grand Total: 220 creatures vanquished
